 Dungeon Crawl Stone Soup version 0.22-a0-422-g9628fc8 (webtiles) character file.

13 iamserjio the Caller (level 2, -1/13 HPs)
             Began as a Vine Stalker Summoner on May 21, 2018.
             Killed from afar by a dart slug (4 damage)
             ... with a slug dart
             ... on level 1 of the Dungeon.
             The game lasted 00:02:37 (961 turns).

iamserjio the Caller (Vine Stalker Summoner)         Turns: 961, Time: 00:02:38

Health: -1/13      AC:  2    Str: 10    XL:     2   Next: 37%
Magic:  0/6        EV: 12    Int: 15    God:
Gold:   17         SH:  0    Dex: 14    Spells: 5/6 levels left

rFire    . . .     SeeInvis .   d - +0 dagger
rCold    . . .     Gourm    .   (no shield)
rNeg     . . .     Faith    .   a - +0 robe
rPois    .         Spirit   +   (no helmet)
rElec    .         Reflect  .   (no cloak)
rCorr    .         Harm     .   (no gloves)
MR       .....                  (no boots)
Stlth    ++........             (no amulet)
HPRegen  0.04/turn              (no ring)
MPRegen  0.10/turn              (no ring)

@: very slightly contaminated
A: fangs 2, magic shield, antimagic bite, no potion heal 3, rot immunity
a: no special abilities


You were on level 1 of the Dungeon.
You were not hungry.

You visited 1 branch of the dungeon, and saw 1 of its levels.

You collected 17 gold pieces.

Inventory:

Hand Weapons
 d - a +0 dagger (weapon)
 i - a +2 hand axe of chopping
Missiles
 b - 18 stones (quivered)
Armour
 a - a +0 robe (worn)
 g - a +0 pair of boots
Scrolls
 e - a scroll of identify {unknown}
Potions
 f - a potion of cancellation {unknown}
Comestibles
 c - a ration


   Skills:
 - Level 1.5 Dodging
 - Level 2.4 Stealth
 + Level 2.5 Spellcasting
 * Level 4.4 Summonings


You had 5 spell levels left.
You knew the following spells:

 Your Spells              Type           Power        Failure   Level  Hunger
a - Summon Small Mammal   Summ           ###.         3%          1    #......

Your spell library contained the following spells:

 Spells                   Type           Power        Failure   Level  Hunger
 Summon Ice Beast         Ice/Summ       #.......     63%         4    #####..
 Call Imp                 Summ           ###.....     5%          2    ###....
 Call Canine Familiar     Summ           ###.....     11%         3    ###....
 Summon Lightning Spire   Summ/Air       #.......     63%         4    #####..
 Summon Guardian Golem    Hex/Summ       #.......     26%         3    ###....


Dungeon Overview and Level Annotations

Branches:
Dungeon (1/15)

Altars:


Innate Abilities, Weirdness & Mutations

You have extremely sharp teeth.
When hurt, damage is shared between your health and your magic reserves.
Your bite disrupts and absorbs the magic of your enemies.
Potions cannot restore your health.
You are immune to rotting.


Message History

Your bat barely misses the rat.
Something barely misses your bat.
You hit the goblin.
You kill the goblin!
Your bat barely misses the rat.
You hit the rat.
The rat is heavily wounded.
Your bat closely misses the rat.
Your rat closely misses the rat.
A kobold comes into view. It is wielding a whip.
The rat bites you.
Your bat hits the rat.
The rat dies!
Your bat hits the dart slug but does no damage. x2
The dart slug launches a dart at you. The slug dart hits your rat.
Your rat dies!
Your rat's corpse disappears in a puff of smoke!
Your bat disappears in a puff of smoke!
The dart slug launches a dart at you. The slug dart hits you!
You die...

#### #..#########
#..........####
#.########....########
##.# #####.........#
##..# ##..@...######.#
#..## ##..####..#
#####..>####).## ##.#
r.......##...## .#
######..#§w### .# #
#...†#### .# #
#......b# .# ###
#...###b## .# ..##
#....(...##


You could see a dart slug.

Vanquished Creatures
  A goblin (D:1)
  2 bats (D:1)
  A frilled lizard (D:1)
4 creatures vanquished.

Vanquished Creatures (collateral kills)
  An ooze (D:1)
  A goblin (D:1)
  2 hobgoblins (D:1)
  3 jackals (D:1)
  A frilled lizard (D:1)
  2 rats (D:1)
10 creatures vanquished.

Grand Total: 14 creatures vanquished

Notes
Turn   | Place    | Note
-------+----------+-------------------------------------------
     0 | D:1      | iamserjio the Vine Stalker Summoner began the quest for the Orb.
     0 | D:1      | Reached XP level 1. HP: 9/9 MP: 4/4
   930 | D:1      | Reached XP level 2. HP: 11/13 MP: 0/6
   961 | D:1      | Killed from afar by a dart slug

Vault maps used:
D:1:      minmay_arrival_nine_rooms, minmay_hexomino_p4

Action                   || total
-------------------------++-------
Melee: Dagger            ||    24
       Bite              ||     4
 Cast: Summon Small Mamm ||    13
Armor: Robe              ||    15
Dodge: Dodged            ||    33

Table legend:
 A = Spawn XP
 B = Non-spawn XP
 C = Spawn XP percentage of total XP
 D = Spawn monster count
 E = Non-spawn monster count
 F = Spawn count percentage of total count
 G = Total turns spent on level
                    A         B        C        D         E        F      G
               +---------+---------+-------+---------+---------+-------+---------
         Total |       0 |      19 |   0.0 |       0 |      14 |   0.0 |   961
               +---------+---------+-------+---------+---------+-------+---------
           D:1 |       0 |      19 |   0.0 |       0 |      14 |   0.0 |   961
               +---------+---------+-------+---------+---------+-------+---------
